Red Wings vs Jets (R1)

Created - March 24, 2019 at 08:31

Goals
1 2 3 T
Red Wings 2 1 0 3
Jets 0 1 0 1
Shots
1 2 3 T
Red Wings 10 15 7 32
Jets 5 10 6 21

1st period

1. Red Wings , Adam Henrique 27 (Tim Connolly 26, Tyler Toffoli 21) at 9:02 (PP)
2. Red Wings , Ales Hemsky 16 (Tyler Seguin 24, Ole-Kristian Tollefsen 30) at 10:09

Penalties :
Kevin Hayes (Win) for Roughing (Minor) at 1:12, Derek Stepan (Win) for Interference (Minor) at 6:32, Lee Stempniak (Win) for Hooking (Minor) at 8:51, Derek Stepan (Win) for Hooking (Minor) at 12:36, Lee Stempniak (Win) for Interference (Minor) at 19:15

2nd period

3. Jets , Joe Colborne 12 (Ronalds Kenins 8) at 2:26
4. Red Wings , Adam Henrique 28 (Tim Connolly 27) at 2:54 (PP)

Penalties :
Jared Spurgeon (Win) for Holding Stick (Minor) at 2:52, Benoit Pouliot (Win) for Tripping (Minor) at 6:34, Jacob Trouba (Win) for Tripping (Minor) at 13:59, Derek Stepan (Win) for Boarding (Minor) at 17:08

3rd period

No Goal

Penalties :
Jacob Trouba (Win) for Roughing (Minor) at 4:17, Ole-Kristian Tollefsen (Det) for Hooking (Minor) at 14:42, Marco Scandella (Win) for Hooking (Minor) at 16:16

Goalie Stats

Josh Harding (Det), 20 saves from 21 shots - (0.952), W, 2-0-0, 60:00 minutes
Jonathan Bernier (Win), 29 saves from 32 shots - (0.906), L, 21-12-3, 60:00 minutes

Players Stats for Red Wings

Player Name              G  A  P  +/- PIM S  H  SB GA TA FO     MP     PP MP  PK MP  
------------------------------------------------------------------------------------
Adam Henrique            2  0  2   1  0   7  1  0  0  0  2/3    20:48   9:53   0:00 
Ales Hemsky              1  0  1   1  0   3  2  0  1  0  1/2    18:39   7:40   0:00 
Alex Picard              0  0  0  -1  0   0  2  0  0  0  0/0    11:25   0:01   0:00 
Anton Volchenkov         0  0  0   0  0   0  0  1  0  2  0/0    12:10   0:23   0:44 
Carson Mcmillan          0  0  0   0  0   2  0  0  1  0  0/0     7:42   0:00   0:53 
Chris Kelly              0  0  0  -1  0   4  1  0  0  0  5/6    13:31   1:03   0:53 
Jiri Fischer             0  0  0   0  0   1  0  1  1  0  0/0    23:54   8:22   0:50 
Jiri Hudler              0  0  0  -1  0   2  1  0  0  0  1/1    11:10   0:04   0:00 
Lubomir Visnovsky        0  0  0   0  0   0  1  1  0  0  0/0    12:10   0:23   0:44 
Michael Haley            0  0  0   0  0   0  1  0  0  0  0/0     6:49   0:00   0:00 
Oleg Saprykin            0  0  0   0  0   0  2  0  0  0  5/5     7:30   0:00   0:41 
Ole-Kristian Tollefsen   0  1  1   0  2   0  1  4  0  2  0/0    23:56   8:55   0:00 
Philip Samuelsson        0  0  0   0  0   1  1  1  1  1  0/0    23:56   8:54   0:00 
Ryan O'Byrne             0  0  0   0  0   0  2  1  0  1  0/0    23:54   8:22   0:50 
Sean Bergenheim          0  0  0   0  0   4  3  0  1  0  0/0    19:21   7:03   0:41 
Tim Connolly             0  2  2   0  0   4  0  0  3  1  18/28  21:01   9:54   0:00 
Tyler Seguin             0  1  1   1  0   0  6  0  0  0  7/16   18:46   7:27   0:00 
Tyler Toffoli            0  1  1   0  0   4  1  1  0  0  1/2    21:18   9:51   0:00 

Players Stats for Jets

Player Name              G  A  P  +/- PIM S  H  SB GA TA FO     MP     PP MP  PK MP  
------------------------------------------------------------------------------------
Benoit Pouliot           0  0  0   0  2   0  0  0  1  0  0/2    12:37   1:07   0:45 
Corey Perry              0  0  0   0  0   3  1  0  2  0  0/0    18:02   1:07   2:21 
Derek Roy                0  0  0   0  0   0  0  0  0  0  3/10   15:53   0:27   7:09 
Derek Stepan             0  0  0   0  6   5  0  0  0  0  6/20   15:30   1:07   0:04 
Eric Gelinas             0  0  0  -1  0   0  2  0  2  2  0/0    24:18   0:38  11:18 
Erik Haula               0  0  0   0  0   1  1  0  0  0  9/18   23:04   0:00   8:52 
Jacob Trouba             0  0  0  -1  4   1  3  0  0  0  0/0    17:12   0:00   5:00 
Jared Spurgeon           0  0  0   1  2   0  0  0  1  2  0/0    11:40   0:00   0:19 
Joe Colborne             1  0  1   0  0   1  1  0  0  0  1/3     7:37   0:00   0:30 
Kevin Hayes              0  0  0   0  2   1  1  0  0  0  0/0     7:17   0:00   0:00 
Lee Stempniak            0  0  0   0  4   0  2  0  0  0  0/0     8:09   0:00   0:00 
Marco Scandella          0  0  0   0  2   2  1  2  0  0  0/0    26:42   0:55   9:13 
Matt Cooke               0  0  0   0  0   1  1  0  0  1  0/0     8:04   0:00   0:00 
Mike Richards            0  0  0   0  0   1  2  1  1  1  4/10   17:41   0:27   6:42 
Nino Niederreiter        0  0  0   0  0   2  1  0  0  0  0/0    20:11   0:27   8:43 
Oscar Klefbom            0  0  0   1  0   0  2  0  0  1  0/0    15:03   0:56   2:55 
Ronalds Kenins           0  1  1   0  0   2  2  1  0  0  0/0     7:19   0:00   0:12 
Tyler Myers              0  0  0   0  0   1  1  2  0  1  0/0    25:25   0:38   6:33 

3 Stars

1 - Adam Henrique (Det)
2 - Tyler Seguin (Det)
3 - Ales Hemsky (Det)

Power Play

Red Wings - 2 on 12 Attempt(s) - 16.67%
Jets - 0 on 1 Attempt(s) - 0.00%

Penalty Kill

Red Wings - 1 on 1 Attempt(s) - 100.00% - Score 0 goal in Penalty Kill
Jets - 10 on 12 Attempt(s) - 83.33% - Score 0 goal in Penalty Kill

Team Stat

Red Wings - Hits : 25 - Faceoff Wins : 40 - Blocked Shots : 10 - Penalty Minutes : 2
Jets - Hits : 21 - Faceoff Wins : 23 - Blocked Shots : 6 - Penalty Minutes : 22

Official

Referees : Unknown
Linesman : Unknown

Game Notes

4:39 of 2nd period - Penalty Shot by Marco Scandella for Jets - Stopped by Josh Harding

Finance

Level 1 -- Attendance: 6000 (100.00%) -- Ticket Income $546,000
Level 2 -- Attendance: 4333 (86.66%) -- Ticket Income $225,316
Level 3 -- Attendance: 1665 (83.25%) -- Ticket Income $63,270
Level 4 -- Attendance: 3567 (89.18%) -- Ticket Income $92,742
Luxury Box -- Attendance: 868 (86.80%) -- Ticket Income $142,352
Game was played at the MTS Center.
Total Attendance: 16433 (91.29%)
Total Ticket Income: $1,069,680
Other Income: $160,452
Total Income: $1,230,132

Red Wings

5 vs 5 Forward 
   Center                   Left Wing                Right Wing               Time % Phy DF OF 
 1 Tim Connolly             Sean Bergenheim          Tyler Toffoli            38     0   2  3  
 2 Tyler Seguin             Adam Henrique            Ales Hemsky              37     0   2  3  
 3 Chris Kelly              Alex Picard              Jiri Hudler              17     0   3  2  
 4 Oleg Saprykin            Michael Haley            Carson Mcmillan          8      1   2  2  

5 vs 5 Defense 
   Defense                  Defense                                           Time % Phy DF OF 
 1 Jiri Fischer             Ryan O'Byrne                                      35     0   3  2  
 2 Ole-Kristian Tollefsen   Philip Samuelsson                                 35     0   3  2  
 3 Lubomir Visnovsky        Anton Volchenkov                                  20     0   3  2  
 4 Lubomir Visnovsky        Anton Volchenkov                                  10     0   3  2  

PowerPlay Forward 
   Center                   Left Wing                Right Wing               Time % Phy DF OF 
 1 Tim Connolly             Adam Henrique            Tyler Toffoli            55     0   1  4  
 2 Tyler Seguin             Sean Bergenheim          Ales Hemsky              45     0   1  4  

PowerPlay Defense
   Defense                  Defense                                           Time % Phy DF OF 
 1 Philip Samuelsson        Ole-Kristian Tollefsen                            60     0   2  3  
 2 Ryan O'Byrne             Jiri Fischer                                      40     0   2  3  

Penalty Kill 4 Players Forward 
   Center                   Wing                     Time % Phy DF OF 
 1 Oleg Saprykin            Sean Bergenheim          50     1   2  2  
 2 Chris Kelly              Carson Mcmillan          50     1   2  2  

Penalty Kill 4 Players Defense
   Defense                  Defense                  Time % Phy DF OF 
 1 Lubomir Visnovsky        Anton Volchenkov         50     1   2  2  
 2 Jiri Fischer             Ryan O'Byrne             50     1   2  2  

Penalty Kill - 3 Players Forward 
   Forward                                           Time % Phy DF OF 
 1 Carson Mcmillan                                   60     1   2  2  
 2 Oleg Saprykin                                     40     1   2  2  

Penalty Kill - 3 Players Defense
   Defense                  Defense                  Time % Phy DF OF 
 1 Lubomir Visnovsky        Anton Volchenkov         50     1   2  2  
 2 Ryan O'Byrne             Ole-Kristian Tollefsen   50     1   2  2  

4 vs 4 Forward 
   Center                   Wing                     Time % Phy DF OF 
 1 Tyler Seguin             Adam Henrique            60     1   2  2  
 2 Tim Connolly             Tyler Toffoli            40     1   2  2  

4 vs 4 Defense
   Defense                  Defense                  Time % Phy DF OF 
 1 Ryan O'Byrne             Jiri Fischer             60     1   2  2  
 2 Ole-Kristian Tollefsen   Philip Samuelsson        40     1   2  2  

Last Minutes Offensive
   Center                   Left Wing                Right Wing               Defense                  Defense                  
   Tyler Seguin             Adam Henrique            Tim Connolly             Ole-Kristian Tollefsen   Philip Samuelsson        

Last Minutes Defensive
   Center                   Left Wing                Right Wing               Defense                  Defense                  
   Chris Kelly              Sean Bergenheim          Carson Mcmillan          Ryan O'Byrne             Lubomir Visnovsky        

Goaltenders
Starting : Josh Harding             
Backup : James Reimer             

Extra Forwards
Normal : Adam Henrique, Tyler Seguin, Chris Kelly - PP : Chris Kelly, Ales Hemsky - PK : Chris Kelly
Extra Defensemen
Normal : Ole-Kristian Tollefsen, Philip Samuelsson, Ryan O'Byrne - PP : Ryan O'Byrne - PK : Philip Samuelsson, Ole-Kristian Tollefsen
Penalty Shots
Carson Mcmillan, Tyler Seguin, Tim Connolly, Alex Picard, Sean Bergenheim

Scratches
Brent Seabrook (Fractured Bone in Right Hand Injury)

Jets

5 vs 5 Forward 
   Center                   Left Wing                Right Wing               Time % Phy DF OF 
 1 Derek Stepan             Erik Haula               Corey Perry              37     1   2  2  
 2 Mike Richards            Benoit Pouliot           Nino Niederreiter        33     1   2  2  
 3 Derek Roy                Matt Cooke               Lee Stempniak            20     1   2  2  
 4 Joe Colborne             Ronalds Kenins           Kevin Hayes              10     1   2  2  

5 vs 5 Defense 
   Defense                  Defense                                           Time % Phy DF OF 
 1 Marco Scandella          Tyler Myers                                       38     1   2  2  
 2 Jacob Trouba             Eric Gelinas                                      30     1   2  2  
 3 Jared Spurgeon           Oscar Klefbom                                     22     1   2  2  
 4 Marco Scandella          Tyler Myers                                       10     1   2  2  

PowerPlay Forward 
   Center                   Left Wing                Right Wing               Time % Phy DF OF 
 1 Derek Stepan             Benoit Pouliot           Corey Perry              60     0   0  5  
 2 Mike Richards            Nino Niederreiter        Derek Roy                40     0   1  4  

PowerPlay Defense
   Defense                  Defense                                           Time % Phy DF OF 
 1 Marco Scandella          Oscar Klefbom                                     60     0   1  4  
 2 Eric Gelinas             Tyler Myers                                       40     0   1  4  

Penalty Kill 4 Players Forward 
   Center                   Wing                     Time % Phy DF OF 
 1 Erik Haula               Nino Niederreiter        60     0   4  1  
 2 Derek Roy                Mike Richards            40     0   4  1  

Penalty Kill 4 Players Defense
   Defense                  Defense                  Time % Phy DF OF 
 1 Marco Scandella          Eric Gelinas             60     1   4  0  
 2 Tyler Myers              Jacob Trouba             40     1   4  0  

Penalty Kill - 3 Players Forward 
   Forward                                           Time % Phy DF OF 
 1 Erik Haula                                        60     0   4  1  
 2 Nino Niederreiter                                 40     0   4  1  

Penalty Kill - 3 Players Defense
   Defense                  Defense                  Time % Phy DF OF 
 1 Marco Scandella          Eric Gelinas             60     1   4  0  
 2 Jacob Trouba             Tyler Myers              40     0   5  0  

4 vs 4 Forward 
   Center                   Wing                     Time % Phy DF OF 
 1 Derek Stepan             Corey Perry              60     1   2  2  
 2 Mike Richards            Benoit Pouliot           40     1   2  2  

4 vs 4 Defense
   Defense                  Defense                  Time % Phy DF OF 
 1 Tyler Myers              Marco Scandella          60     1   2  2  
 2 Oscar Klefbom            Eric Gelinas             40     1   2  2  

Last Minutes Offensive
   Center                   Left Wing                Right Wing               Defense                  Defense                  
   Derek Stepan             Benoit Pouliot           Corey Perry              Tyler Myers              Marco Scandella          

Last Minutes Defensive
   Center                   Left Wing                Right Wing               Defense                  Defense                  
   Derek Roy                Erik Haula               Nino Niederreiter        Marco Scandella          Tyler Myers              

Goaltenders
Starting : Jonathan Bernier         
Backup : Kari Lehtonen            

Extra Forwards
Normal : Benoit Pouliot, Derek Stepan, Corey Perry - PP : Benoit Pouliot, Derek Stepan - PK : Corey Perry
Extra Defensemen
Normal : Tyler Myers, Marco Scandella, Eric Gelinas - PP : Marco Scandella - PK : Marco Scandella, Eric Gelinas
Penalty Shots
Benoit Pouliot, Mike Richards, Corey Perry, Derek Stepan, Erik Haula

Scratches
Marcus Johansson (Right Knee Injury)

% Time on Ice - Red Wings

Lines # - Real PCT - Wanted PCT - Time Play
Normal Forward
1 - 28% - 38% - 11:26
2 - 28% - 37% - 11:28
3 - 26% - 17% - 10:39
4 - 17% - 8% - 6:49
Normal Defense
1 - 33% - 35% - 13:19
2 - 40% - 35% - 16:00
3 - 21% - 20% - 8:26
4 - 6% - 10% - 2:37
PP Forward
1 - 58% - 55% - 10:10
2 - 42% - 45% - 7:29
PP Defense
1 - 53% - 60% - 9:18
2 - 47% - 40% - 8:21
PK Forward
1 - 44% - 50% - 0:41
2 - 56% - 50% - 0:53
PK Defense
1 - 47% - 50% - 0:44
2 - 53% - 50% - 0:50
PK3 Forward
1 - 0% - 60%
2 - 0% - 40%
PK3 Defense
1 - 0% - 50%
2 - 0% - 50%
44 Forward
1 - 100% - 60% - 0:25
2 - 0% - 40% - 0:00
44 Defense
1 - 100% - 60% - 0:25
2 - 0% - 40% - 0:00
Last Minute Offensive  - 0:00
Last Minute Defensive  - 0:00
Total
Forward - 60:00
Defense - 60:00

% Time on Ice - Jets

Lines # - Real PCT - Wanted PCT - Time Play
Normal Forward
1 - 36% - 37% - 14:39
2 - 26% - 33% - 10:32
3 - 20% - 20% - 8:04
4 - 18% - 10% - 7:07
Normal Defense
1 - 39% - 38% - 15:44
2 - 32% - 30% - 12:52
3 - 28% - 22% - 11:09
4 - 2% - 10% - 0:37
PP Forward
1 - 71% - 60% - 1:07
2 - 29% - 40% - 0:27
PP Defense
1 - 60% - 60% - 0:56
2 - 40% - 40% - 0:38
PK Forward
1 - 62% - 60% - 10:57
2 - 38% - 40% - 6:42
PK Defense
1 - 60% - 60% - 10:31
2 - 40% - 40% - 7:08
PK3 Forward
1 - 0% - 60%
2 - 0% - 40%
PK3 Defense
1 - 0% - 60%
2 - 0% - 40%
44 Forward
1 - 100% - 60% - 0:25
2 - 0% - 40% - 0:00
44 Defense
1 - 100% - 60% - 0:25
2 - 0% - 40% - 0:00
Last Minute Offensive  - 0:00
Last Minute Defensive  - 0:00
Total
Forward - 60:00
Defense - 60:00

Play-by-Play

1st period


0:01 of 1st period - Tim Connolly wins face-off versus Derek Stepan in neutral zone.
0:16 of 1st period - Slapshot by Sean Bergenheim.
0:16 of 1st period - Stopped by Jonathan Bernier without a rebound.
0:17 of 1st period - Mike Richards wins face-off versus Tyler Seguin in Jets zone.
0:44 of 1st period - Ole-Kristian Tollefsen is hit by Jacob Trouba and loses puck.
1:03 of 1st period - Wrist shot by Matt Cooke.
1:03 of 1st period - Deflect By Sean Bergenheim.
1:03 of 1st period - Shot Misses the Net.
1:03 of 1st period - Puck is out of play.
1:04 of 1st period - Tim Connolly wins face-off versus Joe Colborne in Red Wings zone.
1:12 of 1st period - Minor Penalty to Kevin Hayes for Roughing.
1:13 of 1st period - Adam Henrique wins face-off versus Erik Haula in Jets zone.
1:25 of 1st period - Snap shot by Tim Connolly.
1:25 of 1st period - Stopped by Jonathan Bernier with a rebound.
1:29 of 1st period - Wrist shot by Adam Henrique.
1:29 of 1st period - Stopped by Jonathan Bernier with a rebound.
1:39 of 1st period - Eric Gelinas is hit by Philip Samuelsson and loses puck.
2:32 of 1st period - Mike Richards is hit by Ole-Kristian Tollefsen and loses puck.
3:12 of 1st period - Penalty to Kevin Hayes is over, Kevin Hayes is back on ice.
4:37 of 1st period - Snap shot by Adam Henrique.
4:37 of 1st period - Stopped by Jonathan Bernier without a rebound.
4:38 of 1st period - Oleg Saprykin wins face-off versus Derek Stepan in Jets zone.
5:45 of 1st period - Slapshot by Joe Colborne.
5:45 of 1st period - Shot Misses the Net.
5:51 of 1st period - Slapshot by Joe Colborne.
5:51 of 1st period - Shot Misses the Net.
6:10 of 1st period - Slapshot by Derek Stepan.
6:10 of 1st period - Stopped by Josh Harding without a rebound.
6:11 of 1st period - Tim Connolly wins face-off versus Derek Stepan in Red Wings zone.
6:20 of 1st period - Wrist shot by Tim Connolly.
6:20 of 1st period - Shot Blocked by Tyler Myers.
6:22 of 1st period - Wrist shot by Sean Bergenheim.
6:22 of 1st period - Shot Misses the Net.
6:24 of 1st period - Slapshot by Ryan O'Byrne.
6:24 of 1st period - Shot Blocked by Marco Scandella.
6:32 of 1st period - Minor Penalty to Derek Stepan for Interference.
6:33 of 1st period - Tim Connolly wins face-off versus Erik Haula in Jets zone.
6:34 of 1st period - Slapshot by Adam Henrique.
6:34 of 1st period - Deflect By Tyler Toffoli.
6:34 of 1st period - Stopped by Jonathan Bernier without a rebound.
6:35 of 1st period - Erik Haula wins face-off versus Tim Connolly in Jets zone.
7:23 of 1st period - Icing by Tyler Toffoli.
7:24 of 1st period - Erik Haula wins face-off versus Tim Connolly in Red Wings zone.
7:25 of 1st period - Snap shot by Nino Niederreiter.
7:25 of 1st period - Deflect By Erik Haula.
7:25 of 1st period - Shot Misses the Net.
7:25 of 1st period - Puck is out of play.
7:26 of 1st period - Erik Haula wins face-off versus Tim Connolly in Red Wings zone.
7:51 of 1st period - Erik Haula is hit by Tyler Seguin and loses puck.
8:28 of 1st period - Nino Niederreiter is hit by Tyler Seguin and loses puck.
8:32 of 1st period - Penalty to Derek Stepan is over, Derek Stepan is back on ice.
8:44 of 1st period - Slapshot by Chris Kelly.
8:44 of 1st period - Stopped by Jonathan Bernier without a rebound.
8:45 of 1st period - Chris Kelly wins face-off versus Derek Roy in Jets zone.
8:51 of 1st period - Minor Penalty to Lee Stempniak for Hooking.
8:52 of 1st period - Erik Haula wins face-off versus Tim Connolly in Jets zone.
9:02 of 1st period - Snap shot by Adam Henrique.
9:02 of 1st period - Goal by Adam Henrique - Red Wings : 1 - Jets : 0.
9:03 of 1st period - Tyler Seguin wins face-off versus Mike Richards in neutral zone.
9:28 of 1st period - Tim Connolly is hit by Tyler Myers and loses puck.
10:09 of 1st period - Slapshot by Ales Hemsky.
10:09 of 1st period - Goal by Ales Hemsky - Red Wings : 2 - Jets : 0.
10:10 of 1st period - Mike Richards wins face-off versus Tyler Seguin in neutral zone.
11:19 of 1st period - Wrist shot by Marco Scandella.
11:19 of 1st period - Stopped by Josh Harding without a rebound.
11:20 of 1st period - Joe Colborne wins face-off versus Tyler Seguin in Red Wings zone.
11:23 of 1st period - Backhand shot by Joe Colborne.
11:23 of 1st period - Shot Blocked by Anton Volchenkov.
11:25 of 1st period - Wrist shot by Kevin Hayes.
11:25 of 1st period - Stopped by Josh Harding with a rebound.
11:27 of 1st period - Wrist shot by Kevin Hayes.
11:27 of 1st period - Shot Blocked by Lubomir Visnovsky.
11:59 of 1st period - Icing by Sean Bergenheim.
12:00 of 1st period - Mike Richards wins face-off versus Tyler Toffoli in Red Wings zone.
12:36 of 1st period - Minor Penalty to Derek Stepan for Hooking.
12:37 of 1st period - Tim Connolly wins face-off versus Erik Haula in Jets zone.
13:47 of 1st period - Nino Niederreiter is hit by Tyler Seguin and loses puck.
14:36 of 1st period - Penalty to Derek Stepan is over, Derek Stepan is back on ice.
14:48 of 1st period - Oscar Klefbom is hit by Jiri Hudler and loses puck.
14:55 of 1st period - Snap shot by Ronalds Kenins.
14:55 of 1st period - Stopped by Josh Harding with a rebound.
16:14 of 1st period - Alex Picard is hit by Jacob Trouba and loses puck.
16:31 of 1st period - Backhand shot by Corey Perry.
16:31 of 1st period - Shot Blocked by Philip Samuelsson.
16:37 of 1st period - Corey Perry is hit by Alex Picard and loses puck.
16:46 of 1st period - Wrist shot by Alex Picard.
16:46 of 1st period - Shot Misses the Net.
16:48 of 1st period - Slapshot by Philip Samuelsson.
16:48 of 1st period - Stopped by Jonathan Bernier with a rebound.
16:50 of 1st period - Slapshot by Ryan O'Byrne.
16:50 of 1st period - Deflect By Jiri Hudler.
16:50 of 1st period - Stopped by Jonathan Bernier with a rebound.
17:12 of 1st period - Slapshot by Corey Perry.
17:12 of 1st period - Deflect By Derek Stepan.
17:12 of 1st period - Shot Blocked by Ole-Kristian Tollefsen.
17:12 of 1st period - Puck is out of play.
17:13 of 1st period - Adam Henrique wins face-off versus Benoit Pouliot in Red Wings zone.
18:31 of 1st period - Snap shot by Nino Niederreiter.
18:31 of 1st period - Stopped by Josh Harding without a rebound.
18:32 of 1st period - Tim Connolly wins face-off versus Derek Stepan in Red Wings zone.
18:37 of 1st period - Backhand shot by Ole-Kristian Tollefsen.
18:37 of 1st period - Shot Blocked by Marco Scandella.
18:47 of 1st period - Snap shot by Corey Perry.
18:47 of 1st period - Shot Misses the Net.
18:49 of 1st period - Snap shot by Derek Stepan.
18:49 of 1st period - Shot Blocked by Ole-Kristian Tollefsen.
19:15 of 1st period - Minor Penalty to Lee Stempniak for Interference.
19:16 of 1st period - Erik Haula wins face-off versus Tim Connolly in Jets zone.
19:45 of 1st period - Marco Scandella is hit by Sean Bergenheim and loses puck.
19:56 of 1st period - Marco Scandella is hit by Ryan O'Byrne and loses puck.
Goals for this period are 2 for Red Wings vs 0 for Jets.
Shots for this period are 10 for Red Wings vs 5 for Jets.

2nd period


0:01 of 2nd period - Tim Connolly wins face-off versus Erik Haula in neutral zone.
0:36 of 2nd period - Wrist shot by Ales Hemsky.
0:36 of 2nd period - Shot Misses the Net.
1:15 of 2nd period - Penalty to Lee Stempniak is over, Lee Stempniak is back on ice.
1:29 of 2nd period - Backhand shot by Ronalds Kenins.
1:29 of 2nd period - Stopped by Josh Harding with a rebound.
2:26 of 2nd period - Snap shot by Joe Colborne.
2:26 of 2nd period - Goal by Joe Colborne - Red Wings : 2 - Jets : 1.
2:27 of 2nd period - Derek Stepan wins face-off versus Tim Connolly in neutral zone.
2:52 of 2nd period - Minor Penalty to Jared Spurgeon for Holding Stick.
2:53 of 2nd period - Tim Connolly wins face-off versus Erik Haula in Jets zone.
2:54 of 2nd period - Wrist shot by Adam Henrique.
2:54 of 2nd period - Goal by Adam Henrique - Red Wings : 3 - Jets : 1.
2:55 of 2nd period - Derek Stepan wins face-off versus Tim Connolly in neutral zone.
3:02 of 2nd period - Snap shot by Derek Stepan.
3:02 of 2nd period - Shot Misses the Net.
3:07 of 2nd period - Off-side.
3:08 of 2nd period - Tim Connolly wins face-off versus Mike Richards in neutral zone.
3:11 of 2nd period - Benoit Pouliot is hit by Sean Bergenheim and loses puck.
3:16 of 2nd period - Slapshot by Tyler Toffoli.
3:16 of 2nd period - Stopped by Jonathan Bernier with a rebound.
3:18 of 2nd period - Wrist shot by Tyler Toffoli.
3:18 of 2nd period - Stopped by Jonathan Bernier without a rebound.
3:19 of 2nd period - Tyler Toffoli wins face-off versus Derek Stepan in Jets zone.
3:22 of 2nd period - Slapshot by Tim Connolly.
3:22 of 2nd period - Stopped by Jonathan Bernier without a rebound.
3:23 of 2nd period - Derek Stepan wins face-off versus Tim Connolly in Jets zone.
3:30 of 2nd period - Snap shot by Derek Stepan.
3:30 of 2nd period - Stopped by Josh Harding without a rebound.
3:31 of 2nd period - Ales Hemsky wins face-off versus Mike Richards in Red Wings zone.
4:01 of 2nd period - Wrist shot by Tyler Toffoli.
4:01 of 2nd period - Deflect By Sean Bergenheim.
4:01 of 2nd period - Stopped by Jonathan Bernier with a rebound.
4:03 of 2nd period - Slapshot by Philip Samuelsson.
4:03 of 2nd period - Shot Blocked by Tyler Myers.
4:05 of 2nd period - Wrist shot by Tim Connolly.
4:05 of 2nd period - Stopped by Jonathan Bernier without a rebound.
4:06 of 2nd period - Derek Stepan wins face-off versus Tyler Seguin in Jets zone.
4:17 of 2nd period - Slapshot by Corey Perry.
4:17 of 2nd period - Stopped by Josh Harding without a rebound.
4:18 of 2nd period - Tim Connolly wins face-off versus Mike Richards in Red Wings zone.
4:27 of 2nd period - Snap shot by Sean Bergenheim.
4:27 of 2nd period - Shot Hit the Post.
4:29 of 2nd period - Slapshot by Ryan O'Byrne.
4:29 of 2nd period - Shot Misses the Net.
4:39 of 2nd period - Penalty Shot by Marco Scandella for Jets.
4:39 of 2nd period - Deke by Marco Scandella.
4:39 of 2nd period - Stopped by Josh Harding.
4:40 of 2nd period - Tyler Seguin wins face-off versus Derek Stepan in Jets zone.
4:43 of 2nd period - Slapshot by Ales Hemsky.
4:43 of 2nd period - Stopped by Jonathan Bernier with a rebound.
4:49 of 2nd period - Wrist shot by Corey Perry.
4:49 of 2nd period - Stopped by Josh Harding with a rebound.
4:51 of 2nd period - Snap shot by Derek Stepan.
4:51 of 2nd period - Shot Hit the Post.
4:53 of 2nd period - Wrist shot by Corey Perry.
4:53 of 2nd period - Shot Misses the Net.
5:31 of 2nd period - Snap shot by Chris Kelly.
5:31 of 2nd period - Stopped by Jonathan Bernier without a rebound.
5:32 of 2nd period - Jiri Hudler wins face-off versus Derek Roy in Jets zone.
5:47 of 2nd period - Snap shot by Alex Picard.
5:47 of 2nd period - Deflect By Jiri Hudler.
5:47 of 2nd period - Stopped by Jonathan Bernier without a rebound.
5:48 of 2nd period - Tim Connolly wins face-off versus Derek Stepan in Jets zone.
5:51 of 2nd period - Backhand shot by Tim Connolly.
5:51 of 2nd period - Stopped by Jonathan Bernier with a rebound.
5:54 of 2nd period - Icing by Corey Perry.
5:55 of 2nd period - Tim Connolly wins face-off versus Derek Stepan in Jets zone.
6:10 of 2nd period - Snap shot by Erik Haula.
6:10 of 2nd period - Stopped by Josh Harding with a rebound.
6:12 of 2nd period - Wrist shot by Erik Haula.
6:12 of 2nd period - Deflect By Derek Stepan.
6:12 of 2nd period - Shot Misses the Net.
6:12 of 2nd period - Puck is out of play.
6:13 of 2nd period - Tyler Seguin wins face-off versus Mike Richards in Red Wings zone.
6:34 of 2nd period - Minor Penalty to Benoit Pouliot for Tripping.
6:35 of 2nd period - Erik Haula wins face-off versus Tim Connolly in Jets zone.
6:46 of 2nd period - Snap shot by Tim Connolly.
6:46 of 2nd period - Shot Misses the Net.
7:07 of 2nd period - Snap shot by Mike Richards.
7:07 of 2nd period - Stopped by Josh Harding with a rebound.
7:44 of 2nd period - Tyler Myers is hit by Tyler Toffoli and loses puck.
8:34 of 2nd period - Penalty to Benoit Pouliot is over, Benoit Pouliot is back on ice.
8:41 of 2nd period - Kevin Hayes is hit by Oleg Saprykin and loses puck.
8:58 of 2nd period - Ole-Kristian Tollefsen is hit by Lee Stempniak and loses puck.
9:19 of 2nd period - Nino Niederreiter is hit by Lubomir Visnovsky and loses puck.
9:57 of 2nd period - Slapshot by Tyler Myers.
9:57 of 2nd period - Shot Misses the Net.
9:59 of 2nd period - Wrist shot by Tyler Myers.
9:59 of 2nd period - Stopped by Josh Harding without a rebound.
10:00 of 2nd period - Erik Haula wins face-off versus Ales Hemsky in Red Wings zone.
10:23 of 2nd period - Snap shot by Lee Stempniak.
10:23 of 2nd period - Shot Misses the Net.
11:31 of 2nd period - Erik Haula is hit by Adam Henrique and loses puck.
12:21 of 2nd period - Icing by Oleg Saprykin.
12:22 of 2nd period - Oleg Saprykin wins face-off versus Derek Stepan in Red Wings zone.
12:37 of 2nd period - Snap shot by Derek Stepan.
12:37 of 2nd period - Stopped by Josh Harding with a rebound.
12:39 of 2nd period - Snap shot by Erik Haula.
12:39 of 2nd period - Deflect By Derek Stepan.
12:39 of 2nd period - Stopped by Josh Harding with a rebound.
12:51 of 2nd period - Snap shot by Adam Henrique.
12:51 of 2nd period - Stopped by Jonathan Bernier without a rebound.
12:52 of 2nd period - Tim Connolly wins face-off versus Mike Richards in Jets zone.
13:35 of 2nd period - Philip Samuelsson is hit by Eric Gelinas and loses puck.
13:40 of 2nd period - Snap shot by Tim Connolly.
13:40 of 2nd period - Shot Misses the Net.
13:44 of 2nd period - Wrist shot by Sean Bergenheim.
13:44 of 2nd period - Stopped by Jonathan Bernier with a rebound.
13:46 of 2nd period - Snap shot by Tyler Toffoli.
13:46 of 2nd period - Stopped by Jonathan Bernier with a rebound.
13:48 of 2nd period - Snap shot by Sean Bergenheim.
13:48 of 2nd period - Shot Misses the Net.
13:59 of 2nd period - Minor Penalty to Jacob Trouba for Tripping.
14:00 of 2nd period - Erik Haula wins face-off versus Tyler Seguin in Jets zone.
14:55 of 2nd period - Icing by Ole-Kristian Tollefsen.
14:56 of 2nd period - Erik Haula wins face-off versus Chris Kelly in Red Wings zone.
15:07 of 2nd period - Wrist shot by Mike Richards.
15:07 of 2nd period - Shot Blocked by Tyler Toffoli.
15:34 of 2nd period - Icing by Tim Connolly.
15:35 of 2nd period - Derek Roy wins face-off versus Tim Connolly in Red Wings zone.
15:59 of 2nd period - Penalty to Jacob Trouba is over, Jacob Trouba is back on ice.
16:14 of 2nd period - Snap shot by Joe Colborne.
16:14 of 2nd period - Shot Misses the Net.
16:53 of 2nd period - Off-side.
16:54 of 2nd period - Tim Connolly wins face-off versus Erik Haula in neutral zone.
17:05 of 2nd period - Slapshot by Sean Bergenheim.
17:05 of 2nd period - Stopped by Jonathan Bernier without a rebound.
17:06 of 2nd period - Derek Stepan wins face-off versus Tyler Seguin in Jets zone.
17:08 of 2nd period - Minor Penalty to Derek Stepan for Boarding.
17:09 of 2nd period - Tim Connolly wins face-off versus Erik Haula in Jets zone.
17:39 of 2nd period - Erik Haula is hit by Tyler Seguin and loses puck.
18:02 of 2nd period - Ryan O'Byrne is hit by Eric Gelinas and loses puck.
18:11 of 2nd period - Mike Richards is hit by Ryan O'Byrne and loses puck.
18:42 of 2nd period - Erik Haula is hit by Ales Hemsky and loses puck.
19:08 of 2nd period - Penalty to Derek Stepan is over, Derek Stepan is back on ice.
19:13 of 2nd period - Snap shot by Alex Picard.
19:13 of 2nd period - Shot Blocked by Ronalds Kenins.
19:17 of 2nd period - Snap shot by Chris Kelly.
19:17 of 2nd period - Stopped by Jonathan Bernier with a rebound.
19:38 of 2nd period - Corey Perry is hit by Michael Haley and loses puck.
Goals for this period are 1 for Red Wings vs 1 for Jets.
Shots for this period are 15 for Red Wings vs 10 for Jets.

3rd period


0:01 of 3rd period - Tyler Seguin wins face-off versus Erik Haula in neutral zone.
2:07 of 3rd period - Jiri Hudler is hit by Marco Scandella and loses puck.
3:15 of 3rd period - Ole-Kristian Tollefsen is hit by Corey Perry.
3:23 of 3rd period - Alex Picard is hit by Erik Haula and loses puck.
3:28 of 3rd period - Snap shot by Corey Perry.
3:28 of 3rd period - Shot Misses the Net.
3:32 of 3rd period - Snap shot by Derek Stepan.
3:32 of 3rd period - Shot Blocked by Ole-Kristian Tollefsen.
3:34 of 3rd period - Snap shot by Corey Perry.
3:34 of 3rd period - Shot Misses the Net.
3:36 of 3rd period - Wrist shot by Derek Stepan.
3:36 of 3rd period - Stopped by Josh Harding without a rebound.
3:37 of 3rd period - Mike Richards wins face-off versus Tyler Seguin in Red Wings zone.
4:02 of 3rd period - Ryan O'Byrne is hit by Jacob Trouba and loses puck.
4:17 of 3rd period - Minor Penalty to Jacob Trouba for Roughing.
4:18 of 3rd period - Tim Connolly wins face-off versus Derek Roy in Jets zone.
4:27 of 3rd period - Slapshot by Tim Connolly.
4:27 of 3rd period - Shot Blocked by Mike Richards.
4:29 of 3rd period - Snap shot by Tim Connolly.
4:29 of 3rd period - Shot Misses the Net.
4:31 of 3rd period - Snap shot by Adam Henrique.
4:31 of 3rd period - Stopped by Jonathan Bernier without a rebound.
4:32 of 3rd period - Tim Connolly wins face-off versus Derek Roy in Jets zone.
4:42 of 3rd period - Icing by Jiri Fischer.
4:43 of 3rd period - Tim Connolly wins face-off versus Derek Roy in Red Wings zone.
5:28 of 3rd period - Tyler Toffoli is hit by Oscar Klefbom and loses puck.
5:55 of 3rd period - Snap shot by Tim Connolly.
5:55 of 3rd period - Shot Hit the Post.
5:57 of 3rd period - Snap shot by Adam Henrique.
5:57 of 3rd period - Stopped by Jonathan Bernier without a rebound.
5:58 of 3rd period - Tyler Seguin wins face-off versus Derek Roy in Jets zone.
6:09 of 3rd period - Nino Niederreiter is hit by Ales Hemsky and loses puck.
6:17 of 3rd period - Penalty to Jacob Trouba is over, Jacob Trouba is back on ice.
6:20 of 3rd period - Jacob Trouba is hit by Sean Bergenheim and loses puck.
6:29 of 3rd period - Wrist shot by Jacob Trouba.
6:29 of 3rd period - Stopped by Josh Harding without a rebound.
6:30 of 3rd period - Oleg Saprykin wins face-off versus Joe Colborne in Red Wings zone.
6:48 of 3rd period - Oleg Saprykin is hit by Joe Colborne and loses puck.
7:59 of 3rd period - Lubomir Visnovsky is hit by Mike Richards and loses puck.
8:35 of 3rd period - Anton Volchenkov is hit by Kevin Hayes and loses puck.
10:49 of 3rd period - Corey Perry is hit by Oleg Saprykin and loses puck.
11:02 of 3rd period - Ales Hemsky is hit by Matt Cooke and loses puck.
11:31 of 3rd period - Marco Scandella is hit by Alex Picard and loses puck.
12:11 of 3rd period - Wrist shot by Carson Mcmillan.
12:11 of 3rd period - Stopped by Jonathan Bernier without a rebound.
12:12 of 3rd period - Derek Roy wins face-off versus Tyler Seguin in Jets zone.
12:27 of 3rd period - Snap shot by Derek Roy.
12:27 of 3rd period - Shot Blocked by Ole-Kristian Tollefsen.
12:50 of 3rd period - Philip Samuelsson is hit by Nino Niederreiter and loses puck.
13:07 of 3rd period - Snap shot by Carson Mcmillan.
13:07 of 3rd period - Stopped by Jonathan Bernier without a rebound.
13:08 of 3rd period - Oleg Saprykin wins face-off versus Derek Stepan in Jets zone.
13:21 of 3rd period - Wrist shot by Corey Perry.
13:21 of 3rd period - Stopped by Josh Harding with a rebound.
13:23 of 3rd period - Wrist shot by Corey Perry.
13:23 of 3rd period - Shot Blocked by Jiri Fischer.
13:41 of 3rd period - Slapshot by Benoit Pouliot.
13:41 of 3rd period - Shot Misses the Net.
13:43 of 3rd period - Wrist shot by Nino Niederreiter.
13:43 of 3rd period - Stopped by Josh Harding with a rebound.
13:57 of 3rd period - Sean Bergenheim is hit by Ronalds Kenins and loses puck.
14:24 of 3rd period - Snap shot by Matt Cooke.
14:24 of 3rd period - Stopped by Josh Harding without a rebound.
14:25 of 3rd period - Derek Roy wins face-off versus Tyler Seguin in Red Wings zone.
14:40 of 3rd period - Wrist shot by Marco Scandella.
14:40 of 3rd period - Stopped by Josh Harding with a rebound.
14:42 of 3rd period - Minor Penalty to Ole-Kristian Tollefsen for Hooking.
14:43 of 3rd period - Oleg Saprykin wins face-off versus Derek Stepan in Red Wings zone.
14:54 of 3rd period - Snap shot by Derek Stepan.
14:54 of 3rd period - Deflect By Corey Perry.
14:54 of 3rd period - Shot Misses the Net.
14:54 of 3rd period - Puck is out of play.
14:55 of 3rd period - Chris Kelly wins face-off versus Derek Stepan in Red Wings zone.
15:22 of 3rd period - Derek Roy is hit by Chris Kelly and loses puck.
15:29 of 3rd period - Wrist shot by Derek Roy.
15:29 of 3rd period - Deflect By Carson Mcmillan.
15:29 of 3rd period - Shot Blocked by Ryan O'Byrne.
15:29 of 3rd period - Puck is out of play.
15:30 of 3rd period - Chris Kelly wins face-off versus Derek Stepan in Red Wings zone.
16:01 of 3rd period - Wrist shot by Chris Kelly.
16:01 of 3rd period - Stopped by Jonathan Bernier without a rebound.
16:02 of 3rd period - Chris Kelly wins face-off versus Benoit Pouliot in Jets zone.
16:16 of 3rd period - Minor Penalty to Marco Scandella for Hooking.
16:17 of 3rd period - Derek Stepan wins face-off versus Adam Henrique in Jets zone.
16:21 of 3rd period - Wrist shot by Adam Henrique.
16:21 of 3rd period - Shot Misses the Net.
16:23 of 3rd period - Wrist shot by Jiri Fischer.
16:23 of 3rd period - Stopped by Jonathan Bernier without a rebound.
16:24 of 3rd period - Tyler Seguin wins face-off versus Derek Stepan in Jets zone.
16:39 of 3rd period - Slapshot by Adam Henrique.
16:39 of 3rd period - Shot Misses the Net.
16:42 of 3rd period - Penalty to Ole-Kristian Tollefsen is over, Ole-Kristian Tollefsen is back on ice.
17:38 of 3rd period - Nino Niederreiter is hit by Tyler Seguin.
18:16 of 3rd period - Penalty to Marco Scandella is over, Marco Scandella is back on ice.
18:31 of 3rd period - Michael Haley is hit by Ronalds Kenins and loses puck.
18:44 of 3rd period - Carson Mcmillan is hit by Mike Richards.
18:48 of 3rd period - Ole-Kristian Tollefsen is hit by Oscar Klefbom and loses puck.
19:04 of 3rd period - Lubomir Visnovsky is hit by Lee Stempniak and loses puck.
19:17 of 3rd period - Snap shot by Ales Hemsky.
19:17 of 3rd period - Stopped by Jonathan Bernier without a rebound.
19:18 of 3rd period - Chris Kelly wins face-off versus Erik Haula in Jets zone.
19:39 of 3rd period - Icing by Ales Hemsky.
19:40 of 3rd period - Tyler Seguin wins face-off versus Derek Roy in Red Wings zone.
19:45 of 3rd period - Matt Cooke is hit by Tyler Seguin and loses puck.
Goals for this period are 0 for Red Wings vs 0 for Jets.
Shots for this period are 7 for Red Wings vs 6 for Jets.